 Dungeon Crawl Stone Soup version 0.23.2 (webtiles) character file.

Game seed: 13378663542325298071

409 Peloso the Covered (level 6, -9/53 HPs)
             Began as a Minotaur Fighter on Apr 8, 2019.
             Was a Follower of Okawaru.
             Mangled by a mummy (12 damage)
             ... in an ossuary.
             The game lasted 00:07:32 (2386 turns).

Peloso the Covered (Minotaur Fighter)               Turns: 2386, Time: 00:07:33

Health: -9/53      AC: 13    Str: 22    XL:     6   Next: 58%
Magic:  5/5        EV:  7    Int:  5    God:    Okawaru [*.....]
Gold:   98         SH: 11    Dex: 20    Spells: 5/5 levels left

rFire    . . .     SeeInvis .   v - +1 hunting sling "Ocojiel" {flame, Dex+4} (curse)
rCold    . . .     Gourm    .   c - +0 shield
rNeg     . . .     Faith    .   h - +0 chain mail
rPois    +         Spirit   .   (helmet restricted)
rElec    .         Reflect  .   g - +1 cloak {rPois}
rCorr    .         Harm     .   (no gloves)
MR       .....                  l - +0 pair of boots
Stlth    ..........             (no amulet)
HPRegen  0.17/turn              p - +6 ring of dexterity
MPRegen  0.09/turn              (no ring)

@: very slightly contaminated, invisible
A: retaliatory headbutt, horns 2
a: Heroism, Renounce Religion


You were in an ossuary.
You worshipped Okawaru.
Okawaru was aware of your devotion.
You were very hungry.

You visited 2 branches of the dungeon, and saw 6 of its levels.
You also visited: Ossuary.

You collected 98 gold pieces.

Inventory:

Hand Weapons
 a - a +0 long sword
 v - the cursed +1 hunting sling "Ocojiel" (weapon) {flame, Dex+4}
   (You found it on level 4 of the Dungeon)

   It causes projectiles fired from it to burn those they strike, causing extra
   injury to most foes and up to half again as much damage against particularly
   susceptible opponents.
   It affects your dexterity (+4).
   It has a curse placed upon it.
Missiles
 t - 21 bolts
Armour
 b - a +0 scale mail
 c - a +0 shield (worn)
 g - a +1 cloak of poison resistance (worn)
 h - a +0 chain mail (worn)
 l - a +0 pair of boots (worn)
Jewellery
 p - a +6 ring of dexterity (left hand)
Scrolls
 i - a scroll of teleportation
 o - 3 scrolls of magic mapping
Potions
 e - 4 potions of flight
 s - a potion of cancellation {unknown}
Comestibles
 f - 7 rations


   Skills:
 + Level 4.7 Fighting
 + Level 4.8 Long Blades
 + Level 5.5 Armour
 + Level 1.3 Dodging
 + Level 0.1 Stealth
 + Level 5.5 Shields


You had 5 spell levels left.
You didn't know any spells.
Your spell library was empty.

Dungeon Overview and Level Annotations

Branches:
Dungeon (5/15)             Temple (1/1) D:4

Altars:
Dithmenos
Elyvilon
Fedhas
Hepliaklqana
Nemelex Xobeh
Okawaru
Ru
Trog
Uskayaw


Innate Abilities, Weirdness & Mutations

You reflexively headbutt those who attack you in melee.
You have a pair of horns on your head.


Message History

You block the mummy's attack. The mummy hits you.
* * * LOW HITPOINT WARNING * * *
The mummy barely misses you.
Unknown command.
You clumsily bash the mummy but do no damage.
The mummy is moderately damaged.
You block the mummy's attack. The mummy hits you!
* * * LOW HITPOINT WARNING * * *
The mummy barely misses you. You furiously retaliate!
You headbutt the mummy.
Unknown command.
You barely miss the mummy. You headbutt the mummy.
The mummy is heavily damaged.
The mummy barely misses you. You furiously retaliate!
You headbutt the mummy, but do no damage.
The mummy closely misses you. You block the mummy's attack.
You clumsily bash the mummy but do no damage.
You headbutt the mummy, but do no damage.
The mummy is heavily damaged.
The mummy hits you!
You die...

###
######..#
#....M.##
+.∩.∩@..#
#....MM##
######..#
###


You could see 3 mummies.

Vanquished Creatures
  Sigmund (D:5)
  A hound (D:5)
  A centaur skeleton (D:2)
  An orc wizard (D:5)
  A worker ant (D:5)
  7 adders
  3 worms
  3 dart slugs
  6 leopard geckos
  2 bats
  5 giant cockroaches
  5 goblins
  5 hobgoblins
  7 kobolds
  A quokka (D:4)
  3 frilled lizards
  A quokka skeleton (D:5)
  10 rats
63 creatures vanquished.

Notes
Turn   | Place    | Note
-------+----------+-------------------------------------------
     0 | D:1      | Peloso the Minotaur Fighter began the quest for the Orb.
     0 | D:1      | Reached XP level 1. HP: 19/19 MP: 0/0
   270 | D:1      | Reached XP level 2. HP: 22/27 MP: 1/1
  1030 | D:2      | Reached XP level 3. HP: 33/33 MP: 2/2
  1253 | D:2      | Reached XP level 4. HP: 34/40 MP: 3/3
  1416 | D:2      | Found a blossoming altar of Fedhas.
  1789 | D:3      | Reached XP level 5. HP: 46/46 MP: 4/4
  2149 | D:4      | Got a fine hunting sling
  2150 | D:4      | Identified the cursed +1 hunting sling "Ocojiel" {flame,
                  | Dex+4} (You found it on level 4 of the Dungeon)
  2172 | D:4      | Found a staircase to the Ecumenical Temple.
  2179 | Temple   | Entered the Ecumenical Temple
  2187 | Temple   | Became a worshipper of Warmaster Okawaru
  2241 | D:5      | Entered Level 5 of the Dungeon
  2241 | D:5      | Noticed Sigmund
  2284 | D:5      | Killed Sigmund
  2284 | D:5      | Reached * piety under Okawaru
  2284 | D:5      | Reached skill level 5 in Armour
  2284 | D:5      | Reached skill level 1 in Dodging
  2284 | D:5      | Reached skill level 5 in Shields
  2284 | D:5      | Reached XP level 6. HP: 8/53 MP: 5/5
  2360 | D:5      | Found a sand-covered staircase.
  2368 | Ossuary  | Entered an ossuary
  2384 | Ossuary  | HP: 2/53 [mummy (9)]
  2386 | Ossuary  | Mangled by a mummy

Skill      XL: |  1  2  3  4  5 |
---------------+----------------+-----
Armour         | 4 5 |  5.5
Fighting       | 4 |  4.7
Shields        | 4 5 |  5.5
Long Blades    | 3 4 |  4.8
Dodging        | 1 |  1.3
Stealth        | |  0.1

Action                   |  1- 3 |  4- 6 || total
-------------------------+-------+-------++-------
Melee: Long sword        |   104 |    56 ||   160
       Headbutt          |    10 |    22 ||    32
       Hunting sling     |       |    31 ||    31
  Use: Scroll            |       |     8 ||     8
       Potion            |       |     4 ||     4
 Stab: Invisible         |       |     1 ||     1
  Eat: Chunk             |       |     4 ||     4
Armor: Chain mail        |    82 |    97 ||   179
       Scale mail        |     7 |       ||     7
Dodge: Dodged            |    26 |    41 ||    67
Block: Shield            |    72 |    96 ||   168
       Rpst.: Long sword |     7 |     2 ||     9
